Cogmind - Beta 14 @@@ ROGUE MODE // 2024.08.17 @ 22:06:12 Player: human Result: Destroyed by G-47 Trooper with Particle Gun Performance ------------- Evolutions (0) 0 Regions Visited (2) 400 Robots Destroyed (14) 70 Value Destroyed (211) 211 Prototype IDs (0) 0 Alien Tech Used (0) 0 Bonus (0) 0 TOTAL SCORE: 681 Bonus ------- None Cogmind --------- Core Integrity 0/250 Matter 248/300 Energy 99/100 System Corruption 0% Temperature Cool (9) Movement Core (50) Location -10/Mines Parts ------- > --- POWER (1) -------- (None) > --- PROPULSION (2) --- (None) > --- UTILITY (2) ------ (None) > --- WEAPON (2) ------- Light Assault Rifle > --- INVENTORY (5) ---- Light Ion Engine Small Laser Light Assault Rifle Light Assault Rifle Peak State ------------ > --- POWER ------------ Light Ion Engine > --- PROPULSION ------- Light Treads Light Treads > --- UTILITY ---------- Small Storage Unit Light Armor Plating > --- WEAPON ----------- Assault Rifle Grenade Launcher > --- INVENTORY -------- Light Ion Engine [Rating: 7] Favorites ----------- Power Light Ion Engine Engine Light Ion Engine Propulsion Light Treads Treads Light Treads Flight Unit Flight Unit Utility Small Storage Unit Storage Small Storage Unit Protection Light Armor Plating Weapon Mining Claw Ballistic Gun Assault Rifle Launcher Grenade Launcher Slashing Weapon Mining Claw Build | -11 -10 -10 ------- Run | Yrd Mat Min Slots Evolved . | . . . Power . | . . . Propulsion . | . . . Utility . | . . . Weapon . | . . . Parts Attached 15 | 5 4 6 Power 4 | 1 . 3 Engine 4 | 1 . 3 Core . | . . . Reactor . | . . . Propulsion 4 | 2 . 2 Treads 2 | 2 . . Leg . | . . . Wheel . | . . . Hover . | . . . Flight 2 | . . 2 Utility 2 | 1 1 . Device . | . . . Storage 1 | 1 . . Processor . | . . . Hackware . | . . . Protection 1 | . 1 . Artifact . | . . . Weapon 5 | 1 3 1 Energy Gun . | . . . Energy Cannon . | . . . Ballistic Gun 2 | 1 . 1 Ballistic Cannon . | . . . Launcher 2 | . 2 . Special Weapon . | . . . Impact Weapon . | . . . Slashing Weapon 1 | . 1 . Piercing Weapon . | . . . Special Melee Weapon . | . . . Unidentified Prototypes . | . . . Parts Lost 8 | . 1 7 Power 3 | . . 3 Propulsion 2 | . . 2 Utility 1 | . 1 . Weapon 2 | . . 2 Highest Loss Streak 5 | . 1 5 To Critical Strikes . | . . . Average Slot Usage (%) 83 | . 91 60 Engine 13 | . 14 11 Treads 23 | . 28 9 Flight 2 | . . 11 Storage 11 | . 14 4 Protection 6 | . 9 . Ballistic Gun 8 | . 9 8 Launcher 5 | . 7 1 Slashing Weapon 8 | . 7 12 Peak Build Rating 7 | 5 7 6 Average Rating 5 | 3 6 4 On Entrance 3 | . 5 6 Naked Turns . | . . . Heaviest Build 16 | 10 16 13 Greatest Support 40 | 40 40 40 Greatest Overweight (x) 1 | . . 1 Average Overweight (x) . | . . . Largest Inventory Capacity 8 | 8 8 8 Average Capacity 7 | 6 8 6 Most Carried 8 | 2 7 8 Average Carried 4 | . 4 5 Final Capacity 8 | 8 8 5 Final Carried 7 | 1 7 4 Class Distribution -------------------- 100% | Mutant Dominant Class ---------------- Mutant | -10/Materials Mutant | -10/Mines Resources | -11 -10 -10 ----------- Run | Yrd Mat Min Matter Collected 374 | 91 187 96 Remotely . | . . . Salvage Created 274 | . 194 80 Parts 25 | . 15 10 Haulers Intercepted . | . . . Recyclers Shooed . | . . . Parts Field Recycled . | . . . Retrieved Matter . | . . . Parts Self-Destructed . | . . . Prevented . | . . . Kills | -11 -10 -10 ------- Run | Yrd Mat Min Combat Hostiles Destroyed 10 | . 5 5 Melee 3 | . . 3 Guns 5 | . 3 2 AOE 2 | . 2 . Classes Destroyed 4 | . 4 . Worker 3 | . 3 . Watcher 1 | . 1 . Swarmer 7 | . 2 5 Grunt 3 | . 3 . Best Kill Streak 4 | . 4 3 Combat Bots Only 3 | . 2 3 Max Kills in Single Turn 2 | . 2 1 Gunslinging . | . . . Exploded 2 | . 2 . Melee 1 | . . 1 Uniques/NPCs Destroyed . | . . . Combat | -11 -10 -10 -------- Run | Yrd Mat Min Hostile Shots Fired 117 | . 44 73 Missed 28 | . 14 14 Damage Taken 972 | . 391 581 Core 258 | . 71 187 Absorbed by Shields . | . . . Core Remaining (%) 100 | 100 . . Volleys Fired 28 | . 22 6 Largest 2 | . 2 1 Hottest 50 | . 50 20 Shots Fired 31 | . 25 6 Gun 26 | . 20 6 Cannon . | . . . Launcher 5 | . 5 . Special . | . . . Kinetic 26 | . 20 6 Thermal . | . . . Explosive 5 | . 5 . Electromagnetic . | . . . Robot Hit Streak 4 | . 4 4 Robot Miss Streak 3 | . 3 1 Penetration Max . | . . . Secondary Targets . | . . . Shots Hit Robots 25 | . 11 14 Core Hits 18 | . 12 6 Critical Kills 1 | . . 1 Critical Parts Destroyed . | . . . Critical Strikes 1 | . . 1 Destroy 1 | . . 1 Melee Attacks 14 | . . 14 Impact . | . . . Slashing 14 | . . 14 Piercing . | . . . Sneak Attacks . | . . . Combat Hostiles . | . . . Follow-up Attacks . | . . . Damage Inflicted 603 | . 344 259 Guns 178 | . 141 37 Cannons . | . . . Explosions 203 | . 203 . Melee 222 | . . 222 Ramming . | . . . Kinetic 178 | . 141 37 Thermal . | . . . Explosive 203 | . 203 . Electromagnetic . | . . . Impact . | . . . Slashing 222 | . . 222 Piercing . | . . . Highest Corruption . | . . . Average Corruption . | . . . Corruption Purged . | . . . Corruption Blocked . | . . . Overload Shots . | . . . Overflow Damage 20 | . 9 11 Projectiles . | . . . Explosions 9 | . 9 . Melee 11 | . . 11 Knockbacks . | . . . Impact . | . . . Kinetic . | . . . Secondary . | . . . Self-Inflicted Damage 78 | . 78 . Shots 2 | . 2 . Rammed . | . . . Targets Rammed . | . . . Kicked . | . . . Crushed . | . . . Highest Temperature 28 | . 11 28 Average Temperature 8 | . 7 8 Received Heat Transfer 345 | . 132 213 Siege Activations . | . . . Robots Corrupted . | . . . Combat Hostiles . | . . . Parts Fried . | . . . Impact Corruptions . | . . . Robots Melted . | . . . Combat Hostiles . | . . . Parts Melted . | . . . Heat Transferred . | . . . Parts Sabotaged . | . . . Parts Stolen . | . . . Parts Stripped . | . . . Power Chain Reactions . | . . . Alert | -11 -10 -10 ------- Run | Yrd Mat Min Peak Influence 250 | . 250 187 Initial 97 | . . 97 Average 122 | . 142 133 Maximum Alert Level 1 | . 1 . Low Security (%) 69 | 100 52 100 Level 1 30 | . 47 . Level 2 . | . . . Level 3 . | . . . Level 4 . | . . . Level 5 . | . . . High Security . | . . . Max Security . | . . . Squads Dispatched 1 | . 1 . Investigation . | . . . Extermination . | . . . Reinforcement 1 | . 1 . Assault . | . . . Garrison . | . . . Intercept . | . . . Searches Triggered . | . . . Construction Impeded . | . . . Haulers Reinforced . | . . . Active Scanning Responses . | . . . Cargo Convoy Interrupts . | . . . Stealth | -11 -10 -10 --------- Run | Yrd Mat Min Distress Signals 1 | . 1 . Communications Jammed . | . . . Distress Signals . | . . . Times Spotted 21 | . 13 8 Peak Tracking Total 5 | . 5 3 Tactical Retreats . | . . . Traps | -11 -10 -10 ------- Run | Yrd Mat Min Traps Triggered . | . . . Indirectly . | . . . Trap Hack Attempts . | . . . Triggered . | . . . Disarmed . | . . . Reprogrammed . | . . . Reused . | . . . Traps Extracted . | . . . Installed . | . . . Triggered . | . . . Machines | -11 -10 -10 ---------- Run | Yrd Mat Min Machines Disabled 2 | . 2 . Max in Single Turn 1 | . 1 . Machines Repaired . | . . . Machines Dismantled . | . . . Machines Sabotaged . | . . . Overloaded Fab Kills . | . . . Hacking | -11 -10 -10 --------- Run | Yrd Mat Min Machines Accessed 1 | . 1 . Terminals 1 | . 1 . Fabricators . | . . . Repair Stations . | . . . Recycling Units . | . . . Scanalyzers . | . . . Garrison Access . | . . . Total Hacks 1 | . 1 . Successful . | . . . Failed 1 | . 1 . Catastrophic . | . . . Database Lockouts . | . . . Manual . | . . . Terminals 1 | . 1 . Fabricators . | . . . Repair Stations . | . . . Recycling Units . | . . . Scanalyzers . | . . . Garrison Access . | . . . Terminal Hacks . | . . . Fabricator Hacks . | . . . Repair Station Hacks . | . . . Recycling Unit Hacks . | . . . Scanalyzer . | . . . Garrison Access Hacks . | . . . Unauthorized Hacks . | . . . Terminals . | . . . Fabricators . | . . . Repair Stations . | . . . Recycling Units . | . . . Scanalyzers . | . . . Garrison Access . | . . . Data Cores Recovered . | . . . Used . | . . . Hacking Detections 1 | . 1 . Full Trace Events . | . . . Feedback Events . | . . . Feedback Blocked . | . . . Robot Schematics Acquired . | . . . Robots Built . | . . . Authchips . | . . . Time . | . . . Total Robot Build Rating . | . . . Part Schematics Acquired . | . . . Parts Built . | . . . Authchips . | . . . Time . | . . . Total Part Build Rating . | . . . Parts Repaired . | . . . Time . | . . . Parts Recycled . | . . . Recycled Matter . | . . . Retrieved Matter . | . . . Retrieved Components . | . . . Parts Scanalyzed . | . . . Part Schematics Acquired . | . . . Parts Damaged . | . . . Bothacking | -11 -10 -10 ------------ Run | Yrd Mat Min Used RIF Installer . | . . . Robots Hacked . | . . . Non-combat . | . . . Combat . | . . . Robot Hacks Applied . | . . . Relay Couplers Released . | . . . Fabnet Peak Effective % . | . . . Robots Rewired . | . . . Allies Hacked . | . . . Hacks Repelled . | . . . Allies | -11 -10 -10 -------- Run | Yrd Mat Min Total Allies . | . . . Largest Group . | . . . Highest-Rated Group . | . . . Highest-Rated Ally . | . . . Total Orders . | . . . Ally Attacks . | . . . Total Damage . | . . . Kills . | . . . Allies Corrupted . | . . . Allies Melted . | . . . Intel | -11 -10 -10 ------- Run | Yrd Mat Min Robot Analysis Total . | . . . Derelict Logs Recovered 1 | . . 1 Drone Launches . | . . . Drone Recoveries . | . . . Exploration | -11 -10 -10 ------------- Run | Yrd Mat Min Turns Passed 539 | 69 352 118 Spaces Moved 301 | 37 183 81 Core 12 | 1 . 11 Treads 230 | 36 183 11 Legs . | . . . Wheels . | . . . Hover . | . . . Flight 59 | . . 59 Fastest Speed 37 | 50 160 37 Average Speed 132 | 157 160 59 Slowest Speed 160 | 160 160 160 Overloaded Moves . | . . . Propulsion Burnouts . | . . . Robots Hopped . | . . . Cave-ins Triggered . | . . . Exploration Rate (%) 21 | 3 38 23 Regions Visited 2 Branch Regions 1 Pre-discovered Areas . | . . . Known Exits Taken . | . . . Unknown Exits Taken 2 | 1 1 . Scrap Searched . | . . . Spaces Dug . | . . . Terrain Destroyed 36 | . 36 . Melee . | . . . Projectile . | . . . AOE 36 | . 36 . Terrain Rammed . | . . . Walls Destroyed . | . . . Machines Disabled . | . . . Actions | -11 -10 -10 --------- Run | Yrd Mat Min Total 383 | 48 216 119 Wait 2 | 1 . 1 Move 299 | 36 182 81 Hop . | . . . Pick Up 20 | 6 8 6 Fast Attach . | . . . Attach 10 | 5 2 3 Detach . | . . . Swap 5 | . 2 3 Drop 5 | . . 5 Fire 28 | . 22 6 Melee 14 | . . 14 Ram . | . . . Kick . | . . . Crush . | . . . Escape Stasis . | . . . Rewire . | . . . Trap . | . . . Miscellaneous . | . . . Route ------- -11/Scrapyard -10/Materials -10/Mines History --------- Turn | Location | Event 22 | -11/Scrapyard | Discovered new exit (range 15) 70 | -11/Scrapyard | Entered Materials 328 | -10/Materials | Build established: Mutant 398 | -10/Materials | Discovered new exit (range 15) 422 | -10/Materials | Entered Mines 482 | -10/Mines | Learned Materials non-interactive machine intel 509 | -10/Mines | Core integrity fell below 50% 523 | -10/Mines | Core integrity fell below 20% 540 | -10/Mines | Destroyed by G-47 Trooper with Particle Gun Last Messages --------------- Data stored: Materials non-interactive machine intel. 00485_ Destroyed Flight Unit. 00488_ S-10 Pest destroyed. 00498_ S-10 Pest suffers critical hit (Destroy). 00498_ S-10 Pest destroyed. 00499_ Acquired 20 matter. 00500_ Acquired Lgt. Ion Engine. 00501_ Dropped Ion Engine. 00501_ K-01 Serf collects debris. 00502_ Acquired Lgt. Ion Engine. 00504_ Acquired 32 matter. 00505_ Acquired Lgt. Assault Rifle. 00505_ K-01 Serf collects debris. 00513_ Flight Unit destroyed. 00517_ Critical hit (Burn: +37). 00518_ Lgt. Ion Engine destroyed. 00519_ Flight Unit destroyed. 00533_ Mining Claw destroyed. 00537_ Lgt. Ion Engine destroyed. Map ----- +----------------------------------------------------+ | | | | | | | | | | | | | | | ?????????????????????????????????????????????????? | | ?????????????????????????????????????????????????? | | ?????????????????????????????????????????????????? | | ?????????????????????????????????????????????????? | | ?????????????????????????????????????????????????? | | ?????????????????????????????????????????????????? | | ?????????????????????????????????????????????????? | | ?????????????????????????????????????????????????? | | ?????????????????????????????????????????????????? | | ?????????????????#####???????????????????????????? | | ??????????????#### #######?????????????????????? | | ?????????????## #?????????????????????? | | ?????????????# #?# #?????????????????????? | | ?????????????# #??# #?????????????????????? | | ?????????????# #??# #?????????????????????? | | ??????# #??# #?????????????????????? | | ## #??# ##??####??????????????? | | #### ### ##?#???????????? | | g g @ # ####????????? | | ?? ## ???????? | | ????## ###### #k#???????????? | | ?????## ## ####???# ##?????????????? | | ????? $ ##??????# = ##??????????????? | | ????###########????????## r* ####???????????????? | | ?????????????????######## ####??????????????????? | | ?????????????????# #?????????????????????? | | ?????????????????# ###### #????????????????????? | | ?????????????????# #????# #???????????????????? | | ?????????????????# #????# ?????????????????? | | ?????????????????# #????# ####????????????????? | | ?????????????????# #????# ##???????????????????? | | ?????????????????# #????# ##????????????????????? | | ?????????????????# #????# #?????????????????????? | | ???????????####### #????# ?????????????????????? | | ???????????# #????# ?????????????????????? | | ???????????# = #???? ?????????????????????? | | ???????????#*= """ #???? ?????????????????????? | | ???????????#[![""" #???? ?????????????????????? | | ???????????#[= """ #???? ????????????????????? | | ???????????#= #???? #????????????????????? | | ???????????# #???? ##?????????????????????? | | ???????????#########?????????????????????????????? | | ?????????????????????????????????????????????????? | +----------------------------------------------------+ Best States ------------- Heat Dissipation 25 Energy Generation 10 Energy Capacity 250 Matter Stores 248 Matter Capacity 300 Sight Range 16 Terrain Scan Density 10 Armor Coverage 150 Evasion (%) 62 Recoil Reduction 2 Item Schematics ----------------- None Robot Schematics ------------------ None Fabricated ------------ Nothing Alien Tech Used ----------------- None Achievements -------------- None Challenges ------------ None Game ------ Seed AntimatterShadeBotcube Manual? 0 Play Time 00:24:39 Cumulative 10.3 hours Start 2024.08.17 @ 21:33:45 End 2024.08.17 @ 22:06:12 Sessions 1 Manual Loads 0 Difficulty Rogue Special Mode None Game No. 8 Rogue 8 Adventurer 0 Explorer 0 Win Type - Total 0 Types 0/0/0/0/0/0/0/0/0 Lore% 1 Gallery% 12 Achievement% 10 Wizard Run 0 Options --------- Layout 1 ASCII 0 Keyboard 0 Movement Mouse Keybinds 0 Fullscreen 1 Font 24/Smallcaps Map View 50x35 Zoom Use 0% Tactical HUD 1 Map Filters NONE Filters NONE Steam 1 RUN: 3fa02f57-5d4e-4e3a-bbfd-d8ad39cb4607